[Event "*** Titled Tuesday Blitz"]
[Site "Chess.com"]
[Date "2020.04.07"]
[Round "1"]
[White "Sjakkerntobi"]
[Black "praveenb2002"]
[Result "0-1"]
[WhiteElo "2245"]
[BlackElo "2593"]
[TimeControl "180+1"]
[EndTime "13:09:25 PDT"]
[Termination "praveenb2002 won by checkmate"]

1. e4 c5 2. Nf3 Nc6 3. d4 cxd4 4. Nxd4 Nf6 5. Nc3 d6 6. Be2 e5 7. Nb3 Be7 8. g4 Be6 9. g5 Nd7 10. h4 a5 11. Be3 a4 12. Nc1 Nc5 13. Nd3 Nd4 14.
f4 Qc7 15. f5 Bc4 16. Nb4 Nxe2 17. Nxe2 Nxe4 18. Nd5 Qa5+ 19. Nec3 Nxc3 20. Nxc3 d5 21. Bd2 Qc5 22. b3 axb3 23. axb3 Rxa1 24. Qxa1 Ba6 25. Qa4+ Qc6 26. Nxd5 Qxa4 27. bxa4 Bd6 28. Rh3 Kd7 29. Bc3 Kc6 30. Nb4+ Bxb4 31. Bxb4 Kd5 32. Kd2 Ke4 33. f6 gxf6 34. gxf6 Rd8+ 35. Kc3 Rd1 36. Be7 Rg1 37. h5 Rg4 38. h6 Kf5 39. Rh5+ Kg6 40. Rxe5 Kxh6 41. Kd2 Rxa4 42. Re3 Rg4 43. Rh3+ Kg6 44.
Ke3 h5 45. Kf3 Bb5 46. Rg3 Be2+ 47. Kf2 b5 48. Rxg4+ Bxg4 49. Kg3 Kg5 50. c3 h4+ 51. Kh2 Kf4 52. Bc5 Kf3 53. Be7 Ke4 54. Bc5 Kd5 55. Be7 Kc4 56. Bb4 Kd3 57. Ba5 Be6 58.
Bb4 Ke4 59. Be7 Kf5 60. Bb4 Kxf6 61. Ba5 Kg5 62. Bd8+ Kg4 63. Bc7 f5 64. Be5 f4 65.
Bd6 f3 66. Bc5 Bc4 67. Bf2 Bf1 68. Be3 Kf5 69. Bf2 h3 70. Kg3 Ke4 71. Bd4 Bg2 72.
Bh8 Kd3 73. Bg7 Ke2 74. Bd4 Ke1 75. Bf2+ Kd2 76. Bd4 Kd3 77. Bh8 Ke2 78. Bd4 Bf1 79. Bc5 f2 80. Bxf2 h2 81. Kxh2 Kxf2 82. c4 Bxc4 83. Kh1 b4 84. Kh2 Be6 85. Kh1 b3 86.
Kh2 b2 87. Kh1 b1=Q+ 88. Kh2 Qg1# 0-1

[Event "*** Titled Tuesday Blitz"]
[Site "Chess.com"]
[Date "2020.04.07"]
[Round "1"]
[White "CarlosAlbornoz"]
[Black "WelshTiger"]
[Result "1/2-1/2"]
[WhiteElo "2754"]
[BlackElo "2413"]
[TimeControl "180+1"]
[EndTime "13:09:30 PDT"]
[Termination "Game drawn by repetition"]

1. e4 c5 2. Nf3 Nc6 3. d4 cxd4 4.
Nxd4 Nf6 5. Nc3 d6 6. Bg5 Bd7 7. f4 Rc8 8. Qd2 Nxd4 9. Qxd4 Qa5 10. e5 dxe5 11. fxe5 e6 12. Bd2 Nd5 13. Nxd5 Qxd5 14. Qxd5 exd5 15. Bd3 Be6 16. O-O-O Bc5 17. Rde1 h6 18.
Rhf1 Ke7 19. Rf4 a6 20. Be3 Bxe3+ 21. Rxe3 Rhd8 22. Rg3 g6 23. Rf6 d4 24. Bxg6 fxg6 25. Rgxg6 Rc6 26. Rg7+ Ke8 27. Rxh6 Kf8 28. Rxb7 Rdc8 29.
Rf6+ Kg8 30. Rf2 d3 31. c3 Rc5 32. Kd2 Rxe5 33. Rb4 Rd8 34. Rd4 Rxd4 35. cxd4 Rb5 36. Kxd3 Bxa2 37. h4 Bd5 38. g4 Rb3+ 39. Kc2 Rg3 40.
g5 Rg4 41. Rf6 Rxd4 42. Rg6+ Kf7 43. Rf6+ Ke7 44. Rxa6 Rxh4 45. g6 Be6 46. g7 Rg4 47.
Ra7+ Kf6 48. b3 Rxg7 49. Ra5 Rb7 50. Kc3 Rxb3+ 51. Kd4 Rb8 52. Rh5 Rd8+ 53. Ke3 Rc8 54. Rh6+ Ke7 55. Rh7+ Kd6 56. Rh4 Ra8 57. Rd4+ Bd5 58.
Kf4 Ra3 59. Rd2 Rc3 60. Kg4 Rc4+ 61. Kf5 Rc1 62. Kf4 Rf1+ 63. Ke3 Ke5 64. Rf2 Re1+ 65. Kd2 Rh1 66. Ke3 Rh3+ 67. Kd2 Kd4 68. Rf4+ Be4 69.
Rf2 Ra3 70. Ke1 Ra1+ 71. Kd2 Ra2+ 72. Ke1 Ra3 73. Kd2 Ra2+ 74. Ke1 Ra1+ 75. Kd2 Ra2+ 1/2-1/2

[Event "*** Titled Tuesday Blitz"]
[Site "Chess.com"]
[Date "2020.04.07"]
[Round "1"]
[White "JustWatch000"]
[Black "Bajecny"]
[Result "1/2-1/2"]
[WhiteElo "2577"]
[BlackElo "2247"]
[TimeControl "180+1"]
[EndTime "13:09:48 PDT"]
[Termination "Game drawn - insufficient material"]

1. Nf3 d5 2. g3 c6 3. Bg2 Bg4 4. O-O Nd7 5. d4 Ngf6 6. c4 e6 7. Nbd2 Bd6 8. b3 O-O 9. Bb2 Re8 10. e3 e5 11. dxe5 Nxe5 12. cxd5 Nxd5 13. h3 Nxf3+ 14.
Nxf3 Bh5 15. Qd4 Bf8 16. Rad1 Qb6 17. e4 Qxd4 18. Rxd4 Nf6 19. Re1 Rad8 20. Rxd8 Rxd8 21. Bxf6 gxf6 22. g4 Bg6 23. Re2 Rd1+ 24. Re1 Rd3 25. Re2 Bc5 26. Ne1 Rd1 27. Kf1 Bb4 28. f4 h5 29. f5 Bh7 30. Bf3 hxg4 31. hxg4 Ra1 32. Kf2 Bxe1+ 33. Rxe1 Rxa2+ 34. Re2 Ra3 35. Rb2 Kg7 36.
Ke3 Kh6 37. Kf4 a5 38. Be2 Kg7 39. Bf1 Ra1 40. Be2 Ra3 41. e5 fxe5+ 42. Kxe5 f6+ 43. Kf4 Bg8 44. Bc4 Bxc4 45. bxc4 Ra4 46. Rxb7+ Kf8 47. Kg3 Rxc4 48. Kh4 Re4 49. Kh5 Re7 50. Rb8+ Kf7 51. Rh8 c5 52. Rc8 Ra7 53. Rxc5 a4 54. Rc2 a3 55.
Ra2 Ke7 56. Kg6 Ra4 57. g5 Rg4 58. Rxa3 Rxg5+ 59. Kh6 Rxf5 60. Ra7+ Ke6 61. Ra6+ Ke5 62. Kg6 Rg5+ 63. Kh6 Rg1 64. Kh5 f5 65. Kh4 Ke4 66. Kh3 f4 67. Ra4+ Kf3 68. Ra3+ Ke4 69. Ra4+ Kf5 70.
Ra5+ Kg6 71. Ra6+ Kh5 72. Ra8 Rg3+ 73. Kh2 Kg4 74. Ra4 Rb3 75. Ra2 Rh3+ 76. Kg2 f3+ 77. Kg1 Kg3 78. Rb2 Rh7 79. Rg2+ Kf4 80. Rb2 Ra7 81.
Kf2 Ra4 82. Rc2 Rd4 83. Rb2 Kg4 84.
Rc2 Kf4 85. Rb2 Re4 86. Rc2 Kg4 87. Rb2 Rf4 88. Rc2 Re4 89. Rb2 Re2+ 90. Rxe2 fxe2 91. Kxe2 1/2-1/2

[Event "*** Titled Tuesday Blitz"]
[Site "Chess.com"]
[Date "2020.04.07"]
[Round "1"]
[White "AliMentor20"]
[Black "mersad_98"]
[Result "1-0"]
[WhiteElo "2386"]
[BlackElo "2704"]
[TimeControl "180+1"]
[EndTime "13:09:54 PDT"]
[Termination "AliMentor20 won by resignation"]

1. e4 c5 2. Nf3 e6 3. d4 cxd4 4. Nxd4 a6 5. Nc3 Qc7 6. g3 b5 7.
Bg2 Bb7 8. O-O Nf6 9. Re1 d6 10. Bg5 Be7 11. Bxf6 gxf6 12. Qh5 Qc4 13. Rad1 Nc6 14.
Bf1 Qxd4 15. Rxd4 Nxd4 16. Qd1 e5 17. Nd5 Rc8 18. c3 Ne6 19. Nxe7 Kxe7 20. Bh3 Rcd8 21. Bxe6 fxe6 22. Qh5 d5 23. f4 exf4 24. e5 f5 25.
Qg5+ Kd7 26. Qxf4 h5 27. a4 Bc6 28. Qb4 Ke8 29. Qc5 Bd7 30. a5 h4 31. Qb6 Ke7 32.
Qd6+ Kf7 33. Re3 hxg3 34. Rxg3 f4 35. Rf3 Rh4 36. Qb4 Rg8+ 37. Kf1 Ke8 38. h3 Rgh8 39.
Kg2 d4 40. Qd6 Rg8+ 41. Kh2 Rg3 42. Rxg3 fxg3+ 43. Kxg3 Rh7 44. Qxd4 Rg7+ 45. Kf4 Rf7+ 46. Ke3 Rh7 47. Qd6 Rxh3+ 48. Kf4 Rh4+ 49. Kg5 Rh2 50. Qb8+ Kf7 51. Qd6 Ke8 52. Qxa6 Rg2+ 53. Kf4 Rxb2 54. Qa8+ Ke7 55. Qb8 Ra2 56. Qd6+ Ke8 57. a6 Bc8 58.
Qc6+ Bd7 59. Qb6 Ra4+ 60. Ke3 Ra3 61. Kd4 b4 62. cxb4 Bc8 63. Qc6+ Kd8 64. Qd6+ Ke8 65. b5 Ra4+ 66. Kc5 Bd7 67. Qb8+ Ke7 68. a7 Ra5 69. a8=Q 1-0

[Event "*** Titled Tuesday Blitz"]
[Site "Chess.com"]
[Date "2020.04.07"]
[Round "1"]
[White "SanQui14"]
[Black "BeanScreen"]
[Result "0-1"]
[WhiteElo "2296"]
[BlackElo "2628"]
[TimeControl "180+1"]
[EndTime "13:09:55 PDT"]
[Termination "BeanScreen won by checkmate"]

1. d4 d5 2. c4 dxc4 3. e3 e5 4.
Bxc4 exd4 5. Qxd4 Qxd4 6. exd4 Bd6 7. h3 Nf6 8. Nf3 O-O 9. O-O Nc6 10. Nc3 Bf5 11.
Nb5 Rad8 12. Nxd6 Rxd6 13. Bf4 Rd7 14. Rad1 Be4 15. Ne5 Rxd4 16. Rxd4 Nxd4 17. Nxf7 Rxf7 18. Bxf7+ Kxf7 19. Bxc7 Bd5 20. b3 Ke6 21. Re1+ Kd7 22. Be5 Nc6 23. Bb2 Nb4 24. Rd1 Kc6 25. a3 Na6 26. b4 Nc7 27. Re1 Ne6 28. Be5 Kb5 29. Rd1 Bc6 30. Rd6 Ng5 31. Bxf6 gxf6 32. Rxf6 Ka4 33.
h4 Ne4 34. Rf7 Kxa3 35. b5 Bd5 36. Rxh7 Kb4 37. Rd7 Nc3 38. h5 Kxb5 39. h6 Be4 40. Rxb7+ Bxb7 41. h7 a5 42. h8=Q Kc4 43. Qh4+ Kb3 44.
Qe7 Bd5 45. g4 a4 46. g5 a3 47. g6 a2 48. Qa7 Kb2 49. Qb6+ Bb3 50. g7 a1=Q+ 51. Kh2 Qa8 52. f4 Qd5 53. Qf2+ Bc2 54. Qg2 Qxg2+ 55. Kxg2 Bb3 56. Kg3 Ne4+ 57. Kg4 Kc3 58.
f5 Kd4 59. Kh5 Bf7+ 60. Kh6 Ke5 61. Kh7 Nf6+ 62. Kh8 Kxf5 63. g8=Q Bxg8 64. Kg7 Bd5 65. Kh8 Ng4 66. Kg7 Ne5 67. Kh8 Kf6 68. Kh7 Ng6 69.
Kh6 Bg8 70. Kh5 Ne5 71. Kh4 Kf5 72. Kg3 Ng4 73. Kg2 Bc4 74. Kf3 Ba6 75. Kg3 Bb7 76. Kh4 Kf4 77. Kh5 Be4 78. Kh4 Bg6 79. Kh3 Ne3 80. Kh4 Ng2+ 81. Kh3 Kf3 82. Kh2 Bf5 83.
Kg1 Ne3 84. Kh2 Kf2 85. Kh1 Be6 86. Kh2 Nf1+ 87. Kh1 Bd5# 0-1

[Event "*** Titled Tuesday Blitz"]
[Site "Chess.com"]
[Date "2020.04.07"]
[Round "1"]
[White "VALPARAISO37"]
[Black "Shahinyan_ChessMood"]
[Result "0-1"]
[WhiteElo "2329"]
[BlackElo "2658"]
[TimeControl "180+1"]
[EndTime "13:10:15 PDT"]
[Termination "Shahinyan_ChessMood won on time"]

1. d4 e6 2. c4 f5 3. e3 Nf6 4.
Nc3 d5 5. Bd3 c6 6. Qc2 Bd6 7.
f3 O-O 8. Nge2 Na6 9. a3 Nc7 10. Bd2 dxc4 11. Bxc4 b5 12. Ba2 Kh8 13. O-O a5 14. h3 Ba6 15. Rae1 b4 16. Nb1 Ncd5 17. Bc4 Bxc4 18. Qxc4 Qb6 19. Qd3 c5 20. e4 c4 21.
Qxc4 fxe4 22. axb4 axb4 23. Qb3 Ra1 24. Kh1 Qa6 25.
fxe4 Nxe4 26. Rxf8+ Bxf8 27. Qc2 Nxd2 28. Qxd2 Bd6 29.
Rc1 h6 30. Qc2 Ne3 31. Qg6 Bf8 32. Qe8 Qxe2 33. Qxf8+ Kh7 34. Qf3 Qxf3 35. gxf3 Nc4 36. Kg2 Nd2 37. Rd1 Nxb1 38. Kg3 Kg6 39. Kf4 Kf6 40. h4 g5+ 41. hxg5+ hxg5+ 42. Kg4 Kg6 43. Re1 Kf6 44. Rd1 b3 45. Re1 Ra4 46. Rxb1 Rxd4+ 47. Kg3 Rd2 48. f4 Rd3+ 49. Kg4 Rd4 50. Kf3 Rxf4+ 51. Ke3 Rh4 52. Rf1+ Ke5 53. Kd3 Rh3+ 54. Kc4 g4 55. Re1+ Kf5 56. Rf1+ Kg5 57. Re1 Kf5 58. Rf1+ Ke4 59. Re1+ Re3 60. Rg1 g3 61. Rg2 e5 62.
Rd2 Kf3 63. Rd7 g2 64. Rg7 Ke2 65. Rxg2+ Kd1 66. Kb4 Rd3 67. Ka3 e4 68. Rg1+ Kc2 69.
Rg2+ Kd1 70. Rg1+ Ke2 71. Rg2+ Kf3 72. Rh2 e3 73. Rh3+ Kf2 74. Rh2+ Kg3 75. Re2 Kf3 76. Rh2 e2 77. Rh1 Kf2 78. Rh2+ Kf1 79. Rh1+ Kg2 80.
Re1 Kf2 81. Rxe2+ Kxe2 82. Kb4 Kd2 83. Kc4 Kc2 84. Kb4 Kxb2 85. Kc4 Kc2 0-1

[Event "*** Titled Tuesday Blitz"]
[Site "Chess.com"]
[Date "2020.04.07"]
[Round "1"]
[White "Bulldog167"]
[Black "Rakesh"]
[Result "1/2-1/2"]
[WhiteElo "2646"]
[BlackElo "2334"]
[TimeControl "180+1"]
[EndTime "13:10:20 PDT"]
[Termination "Game drawn by stalemate"]

1. d4 Nf6 2. c4 e5 3. dxe5 Ng4 4. e3 Nxe5 5. Nh3 Nbc6 6. Nf4 Bc5 7.
Nc3 d6 8. Be2 O-O 9. O-O Bf5 10.
a3 a5 11. b3 Qd7 12. Bb2 Rae8 13. Ncd5 Kh8 14. Qd2 Bg4 15. Kh1 Bxe2 16. Qxe2 f5 17. Bc3 Ng4 18. Nh5 Bd4 19. Bxd4 Nxd4 20. Qb2 Ne6 21. h3 Ne5 22. Rad1 Qf7 23. Nhf4 Nxf4 24. Nxf4 a4 25. bxa4 b6 26. Qc3 Ra8 27. Nd3 Qxc4 28.
Qxc4 Nxc4 29. Rc1 Rxa4 30. Nb4 b5 31. Nd5 c6 32. Nb4 c5 33. Nd5 Rxa3 34. Nc7 Rb3 35.
Nxb5 Nxe3 36. fxe3 Rxb5 37. e4 f4 38. Rfe1 Re8 39.
Rcd1 Rb6 40. e5 dxe5 41. Rxe5 Rf8 42. Rxc5 h6 43. Rc3 Rg6 44. Rf3 Rg3 45. Rdf1 Rxf3 46.
Rxf3 Kh7 47. Rb3 Kg6 48. Kg1 Kf5 49. Kf2 Re8 50. Kf3 Rd8 51. Rb5+ Ke6 52. Kxf4 Rd2 53. Kf3 Rd3+ 54. Ke4 Rd2 55. Rb6+ Kf7 56. Kf3 Rd3+ 57. Ke2 Rd4 58. Rb3 Rd5 59. Kf3 Kg6 60. g4 Kg5 61. Kg3 Rc5 62. h4+ Kg6 63. h5+ Kg5 64. Rf3 Rd5 65. Kh3 Rb5 66. Kg3 g6 67. hxg6 Kxg6 68. Kh4 Rb4 69. Rc3 Rb6 70. Ra3 Rc6 71. Ra8 Rb6 72. Rg8+ Kf7 73. Rh8 Ra6 74. Rb8 Ra1 75.
Rb6 Kg7 76. Kg3 Ra3+ 77. Kf4 Ra4+ 78. Kf5 Ra5+ 79. Kf4 Ra4+ 80. Kg3 Ra5 81. Kh4 Ra4 82. Rb5 Ra1 83. Rb7+ Kg6 84. Rb6+ Kg7 85. Rb7+ Kg6 86. Rb6+ Kf7 87. Rxh6 Kg7 88. Rb6 Ra5 89. g5 Ra1 90. Rb4 Rh1+ 91. Kg4 Rg1+ 92. Kf5 Rf1+ 93. Rf4 Rxf4+ 94. Kxf4 Kg6 95. Kg4 Kg7 96. Kf5 Kf7 97.
g6+ Kg7 98. Kg5 Kg8 99. Kf6 Kf8 100. Kf5 Kg7 101. Kg5 Kg8 102. Kh6 Kh8 103. g7+ Kg8 104. Kg6 1/2-1/2

[Event "*** Titled Tuesday Blitz"]
[Site "Chess.com"]
[Date "2020.04.07"]
[Round "1"]
[White "Superfelix"]
[Black "hansen"]
[Result "1/2-1/2"]
[WhiteElo "2500"]
[BlackElo "3025"]
[TimeControl "180+1"]
[EndTime "13:10:22 PDT"]
[Termination "Game drawn by 50-move rule"]

1. e4 c5 2. Nf3 e6 3. g3 Nc6 4.
Bg2 Nf6 5. d3 d5 6. Nbd2 g6 7.
O-O Bg7 8. exd5 Nxd5 9. Ne4 b6 10. h4 h6 11. c3 O-O 12. Qe2 Ba6 13. Rd1 Kh7 14.
Ned2 Qd7 15. Nc4 Rad8 16. Nce5 Nxe5 17. Nxe5 Qc7 18. Nc4 Rfe8 19. h5 g5 20. a4 f5 21.
Ne3 Qf7 22. Nxd5 exd5 23. Qf3 g4 24. Qf4 Re7 25. a5 b5 26. d4 c4 27. Bd2 Qxh5 28. Re1 Re4 29. Rxe4 fxe4 30. Qc7 Qe8 31. Qxa7 Qc6 32. Qb6 Rd6 33. Qxc6 Rxc6 34. Bf4 Bf6 35. Bf1 Kg6 36. Be2 h5 37. Bd1 Kf5 38. Be3 Ke6 39. Rc1 Be7 40. b4 cxb3 41. Bxb3 b4 42. cxb4 Rxc1+ 43. Bxc1 Bxb4 44. Be3 Bb5 45. a6 Bxa6 46. Ba4 Be7 47. Be8 h4 48. gxh4 Bxh4 49. Bh5 Be2 50. Be8 Ke7 51. Bc6 Kd6 52. Bb7 Bf6 53. Bc8 Kc7 54. Be6 Kc6 55. Bf7 Be7 56. Kg2 Bd6 57.
Be8+ Kb6 58. Bf7 Bc4 59. Be6 Kb5 60. Bxg4 Kb4 61. f3 Be2 62. Kf2 Bd1 63. Bd2+ Kb3 64. Be3 Kc4 65. fxe4 Bxg4 66. exd5 Kxd5 67. Bg5 Kxd4 68.
Bh4 Ke4 69. Bd8 Bc5+ 70. Kg3 Bd1 71. Bc7 Bb4 72. Kf2 Bb3 73. Kg3 Be1+ 74. Kg4 Bd1+ 75.
Kg5 Bd2+ 76. Kf6 Kd5 77. Ke7 Bg5+ 78. Kf7 Bh5+ 79. Kg7 Ke6 80. Bg3 Kf5 81. Kf8 Bf6 82. Bd6 Kg6 83. Bb4 Kf5 84. Be7 Be5 85. Bb4 Bg6 86. Ke7 Ke4 87. Ba3 Kd5 88. Bb4 Bd3 89.
Ba3 Bb5 90. Bb4 Bg3 91. Ba3 Bh4+ 92. Kf7 Ke5 93. Bb2+ Kf5 94. Bc3 Bc4+ 95. Kg7 Bg5 96. Bb2 Be3 97. Bc3 Bd5 98. Ba1 Bg5 99. Bb2 Kg4 100.
Bc3 Kh5 101. Bb2 Bc4 102. Bc3 Bb3 103. Bb2 Ba2 104. Ba1 Bh6+ 105. Kf6 Bf8 106. Kf5 Kh6 107. Bf6 Bb1+ 108. Ke5 Kg6 109. Ke6 Ba2+ 110. Ke5 Ba3 111. Bd8 Kf7 112. Kf4 Ke6 113. Ba5 Bc1+ 114. Kg3 Kf5 115. Kf2 Bc4 116. Bc3 Kf4 117. Ba1 Be3+ 1/2-1/2

[Event "*** Titled Tuesday Blitz"]
[Site "Chess.com"]
[Date "2020.04.07"]
[Round "1"]
[White "TastyFrenchFries"]
[Black "Gabrielian_Artur"]
[Result "1/2-1/2"]
[WhiteElo "2406"]
[BlackElo "2741"]
[TimeControl "180+1"]
[EndTime "13:11:13 PDT"]
[Termination "Game drawn by repetition"]

1. e4 c5 2. Nf3 d6 3. c3 Nf6 4. d3 g6 5. Be2 Bg7 6. Nbd2 O-O 7. O-O e5 8. h3 Nc6 9. a4 b6 10. Nc4 Bb7 11. Nfd2 d5 12. exd5 Nxd5 13. Re1 Nf4 14. Ne4 Nxe2+ 15. Qxe2 Qd7 16. Bh6 f6 17. Bxg7 Kxg7 18. Red1 Ba6 19. h4 h5 20. g3 Qc7 21.
Ned6 Rad8 22. Nb5 Qd7 23. Ne3 Bb7 24. Kh2 Rfe8 25. Na3 Ne7 26. a5 Qc6 27. axb6 axb6 28. Nac4 Rd7 29. b4 cxb4 30. cxb4 Red8 31. b5 Qe6 32.
Ra3 Nf5 33. Nxf5+ Qxf5 34. Ne3 Qf3 35. Qxf3 Bxf3 36. Rd2 Rc7 37. Nc4 e4 38. dxe4 Rxd2 39. Nxd2 Be2 40. Re3 Bxb5 41. Kg2 Rc2 42. Nf3 Bc4 43.
Nd4 Rb2 44. Rc3 b5 45. Kf3 Kf7 46. Ke3 Rb1 47. f4 Re1+ 48. Kf2 Rd1 49. Nf3 Rb1 50. e5 Rb2+ 51. Ke3 Ke6 52. Nd4+ Kf7 53. Nf3 Ke6 54. Nd4+ Kf7 55. Nc6 Re2+ 56. Kf3 Re1 57. Kf2 Rd1 58.
exf6 Kxf6 59. Ne5 Bd5 60. Rc5 b4 61. Ke2 Rd4 62. Nc6 Re4+ 63. Kd3 Ke6 64. Nd4+ Kd6 65.
Rb5 Re1 66. Rxb4 Rg1 67. Ne2 Rg2 68. Ke3 Kc5 69. Rb2 Be6 70. Rc2+ Kd6 71. Rd2+ Ke7 72. Nd4 Rxd2 73. Kxd2 Bd7 74. Ke3 Kf6 75. Ke4 Bc8 76. Ke3 Bb7 77. Kd3 Ba6+ 78. Kc3 Bb7 79. Kb4 Bd5 80.
Kc5 Bg2 81. Kd6 Bf1 82. Kd7 Bd3 83. Kd6 Bf1 84. Kc5 Bd3 85. Kb4 Be4 86. Kc3 Bb7 87. Kd2 Ba6 88. Ke3 Bb7 89. Nf3 Kf5 90. Ne5 Ba6 91.
Nc6 Bb7 92. Ne7+ Kf6 93. Ng8+ Kf7 94. Nh6+ Kg7 95. f5 Kxh6 96. f6 Kh7 97. Kf4 Kg8 98. g4 Kf7 99. g5 Ke6 100. Ke3 Kf7 101. Kd4 Bc8 102. Kc5 Be6 103. Kd6 Ba2 104. Kc7 Bb3 105. Kd6 Ke8 106. Ke5 Kd7 107. Kd4 Kd6 108. Ke4 Bf7 109. Kd4 Ke6 110. Ke4 Be8 111. Kd4 Bd7 112. Ke4 Kd6 113. Kd4 Bc6 114. Kc4 Bd5+ 115. Kd4 Be6 116. Ke4 Bf7 117. Kd4 Kc6 118. Ke5 Kc5 119. Ke4 Kd6 1/2-1/2

[Event "*** Titled Tuesday Blitz"]
[Site "Chess.com"]
[Date "2020.04.07"]
[Round "1"]
[White "garfield_pg"]
[Black "LastHeroJr"]
[Result "1/2-1/2"]
[WhiteElo "2211"]
[BlackElo "2552"]
[TimeControl "180+1"]
[EndTime "13:11:35 PDT"]
[Termination "Game drawn - insufficient material"]

1. e4 Nc6 2. Nf3 d6 3. d4 Nf6 4. Nc3 g6 5. Bg5 Bg7 6. Qd2 h6 7. Bh4 g5 8. Bg3 Nh5 9. O-O-O e6 10. d5 Nxg3 11. hxg3 Ne5 12. Nxe5 Bxe5 13. f4 Bg7 14. Bb5+ Bd7 15. dxe6 fxe6 16. Bxd7+ Qxd7 17. fxg5 O-O-O 18. gxh6 Be5 19. Qe3 Kb8 20. Kb1 Rdg8 21. Rh3 Rg6 22. Rdh1 a6 23. a3 Qh7 24. Ne2 Rf8 25. Ka2 Qh8 26.
c3 Rff6 27. R1h2 Qh7 28. Nf4 Rxh6 29. Nd3 Rxh3 30. Rxh3 Qg7 31. Nxe5 dxe5 32. Qc5 Rg6 33. Rh5 Rxg3 34. Qxe5 Qxe5 35. Rxe5 Rg6 36. Rh5 Kc8 37. Rh7 Rxg2 38. Re7 Rg6 39. Kb3 Kd8 40. Rh7 Rg4 41.
Rh8+ Kd7 42. Rh7+ Kc6 43. Kc4 Rxe4+ 44. Kd3 Rg4 45. b4 Kd6 46. a4 Rg3+ 47. Kc4 Rg4+ 48.
Kd3 Rg1 49. a5 Rg5 50. Kd4 Rg4+ 51. Kd3 Rg5 52. Kd4 Rd5+ 53. Ke4 Rf5 54. Kd4 Rg5 55. Kd3 Rg2 56. Kd4 Rd2+ 57. Ke3 Rd5 58. Ke4 b6 59. axb6 cxb6 60. Ra7 a5 61. Rb7 Kc6 62. Re7 Rd6 63. bxa5 bxa5 64. Ra7 Kb6 65. Ra8 Rc6 66. Kd4 Rd6+ 67. Ke4 Rc6 68. Kd4 e5+ 69. Kxe5 Rxc3 70. Kd4 Rc1 71. Rb8+ Ka6 72. Rb3 a4 73. Rc3 Rb1 74.
Kc4 Ka5 75. Rf3 Rc1+ 76. Kd3 Kb4 77. Kd2 Rc4 78. Rf8 Kb3 79. Rb8+ Ka2 80. Kd3 Rc7 81.
Kd2 a3 82. Rb6 Rc5 83. Rb8 Rc4 84. Rb7 Ka1 85. Rb8 Rc6 86. Rb7 a2 87. Rb8 Rd6+ 88.
Kc2 Rh6 89. Rb7 Rh2+ 90. Kc1 Rh1+ 91. Kc2 Rb1 92. Ra7 Rb2+ 93. Kc1 Rb6 94. Kc2 Rc6+ 95. Kd1 Kb2 96. Rb7+ Kc3 97. Ra7 Kb3 98. Rb7+ Ka3 99. Ra7+ Kb2 100. Rb7+ Kc3 101. Ra7 Rd6+ 102. Kc1 Rg6 103. Rc7+ Kb3 104. Rb7+ Kc3 105. Rc7+ Kb4 106. Kb2 Ka4 107. Ra7+ Kb5 108. Rb7+ Kc6 109. Rb8 Kd5 110. Kxa2 Rg2+ 111. Ka3 Ke4 112. Ka4 Kf3 113. Rb4 Rg1 114. Rb3+ Kf2 115. Kb4 Rg4+ 116. Ka3 Rg2 117. Rb2+ Kg1 118. Rxg2+ Kxg2 1/2-1/2

[Event "*** Titled Tuesday Blitz"]
[Site "Chess.com"]
[Date "2020.04.07"]
[Round "2"]
[White "Resignify"]
[Black "axvesik"]
[Result "1-0"]
[WhiteElo "2211"]
[BlackElo "2417"]
[TimeControl "180+1"]
[EndTime "13:13:08 PDT"]
[Termination "Resignify won by resignation"]

1. Nf3 Nf6 2. g3 e6 3. Bg2 d5 4.
c4 Be7 5. O-O O-O 6. d3 dxc4 7.
dxc4 Qxd1 8. Rxd1 Nc6 9. Nc3 Bd7 10. Bf4 Rac8 11. Nb5 Nh5 12. Rxd7 1-0

[Event "*** Titled Tuesday Blitz"]
[Site "Chess.com"]
[Date "2020.04.07"]
[Round "2"]
[White "mbojan"]
[Black "Sunnika"]
[Result "0-1"]
[WhiteElo "2689"]
[BlackElo "2361"]
[TimeControl "180+1"]
[EndTime "13:13:15 PDT"]
[Termination "Sunnika won by resignation"]

1. e4 Nf6 2. d3 d5 3. Nd2 e5 4. g3 Nc6 5. Bg2 g6 6. Ngf3 Bg7 7. O-O O-O 8. c3 a5 9. a4 h6 10. Re1 Re8 11. h3 Be6 12. exd5 Bxd5 13. Nc4 e4 14. Nh2 exd3 15. Qxd3 Rxe1+ 0-1

[Event "*** Titled Tuesday Blitz"]
[Site "Chess.com"]
[Date "2020.04.07"]
[Round "2"]
[White "GuerrieroFromLevant"]
[Black "lilleper1"]
[Result "0-1"]
[WhiteElo "2306"]
[BlackElo "2668"]
[TimeControl "180+1"]
[EndTime "13:13:21 PDT"]
[Termination "lilleper1 won by resignation"]

1. e4 c5 2. Nf3 d6 3. Bb5+ Bd7 4. Bxd7+ Nxd7 5. Qe2 Ngf6 6. O-O e6 7. c4 Rc8 8. b3 g6 9. Bb2 Bg7 10. d4 cxd4 11.
Bxd4 a6 12. Nc3 O-O 13. Rfd1 Qa5 14. h3 e5 15. b4 Qxb4 0-1

[Event "*** Titled Tuesday Blitz"]
[Site "Chess.com"]
[Date "2020.04.07"]
[Round "2"]
[White "mmaks007"]
[Black "Willychess95"]
[Result "0-1"]
[WhiteElo "2319"]
[BlackElo "2611"]
[TimeControl "180+1"]
[EndTime "13:13:42 PDT"]
[Termination "Willychess95 won by resignation"]

1. e4 c5 2. Nf3 d6 3. d4 cxd4 4. Nxd4 Nf6 5. Nc3 g6 6. Be3 a6 7. f3 b5 8. Qd2 Bb7 9. a4 b4 10. Na2 e5 11. Nb3 d5 12. exd5 Nxd5 13. Bh6 Qh4+ 0-1

[Event "*** Titled Tuesday Blitz"]
[Site "Chess.com"]
[Date "2020.04.07"]
[Round "2"]
[White "bait_or_mate"]
[Black "LuckyTiger"]
[Result "0-1"]
[WhiteElo "2514"]
[BlackElo "2774"]
[TimeControl "180+1"]
[EndTime "13:14:05 PDT"]
[Termination "LuckyTiger won by resignation"]

1. d4 Nf6 2. c4 c5 3. Nf3 cxd4 4.
Nxd4 e5 5. Nb5 d5 6. cxd5 Bc5 7. g3 O-O 8. Bg2 Qb6 9. N5c3 Bxf2+ 10. Kf1 Bd4 11.
Nd2 Bxc3 12. bxc3 Ng4 0-1

[Event "*** Titled Tuesday Blitz"]
[Site "Chess.com"]
[Date "2020.04.07"]
[Round "2"]
[White "Panchenko_Dmitry"]
[Black "reigningmvp"]
[Result "1-0"]
[WhiteElo "2484"]
[BlackElo "2239"]
[TimeControl "180+1"]
[EndTime "13:14:23 PDT"]
[Termination "Panchenko_Dmitry won by resignation"]

1. e4 c5 2. Nf3 Nc6 3. d4 cxd4 4. Nxd4 g6 5. Nc3 Bg7 6. Be3 Nf6 7. Nxc6 bxc6 8. e5 Ng8 9. Bd4 Qa5 10. Bc4 Bxe5 11. O-O Bxd4 12. Qxd4 Nf6 13. Rfe1 Kf8 14. Rxe7 Kg7 15.
Rxf7+ 1-0

[Event "*** Titled Tuesday Blitz"]
[Site "Chess.com"]
[Date "2020.04.07"]
[Round "2"]
[White "SlavenPastar"]
[Black "Raja3401"]
[Result "1-0"]
[WhiteElo "2514"]
[BlackElo "2720"]
[TimeControl "180+1"]
[EndTime "13:14:24 PDT"]
[Termination "SlavenPastar won by resignation"]

1. d4 Nf6 2. c4 e6 3. Nc3 Bb4 4.
e3 O-O 5. Bd3 d5 6. cxd5 exd5 7.
Ne2 Bd6 8. f3 Re8 9. O-O a6 10. Qe1 c5 11. Qf2 Nc6 12. Bd2 b5 13. Rac1 Qb6 14. a3 Bd7 15. Qh4 Re7 16. Nxd5 1-0

[Event "*** Titled Tuesday Blitz"]
[Site "Chess.com"]
[Date "2020.04.07"]
[Round "2"]
[White "NewBornNow"]
[Black "kasparicy"]
[Result "1-0"]
[WhiteElo "2636"]
[BlackElo "2333"]
[TimeControl "180+1"]
[EndTime "13:14:39 PDT"]
[Termination "NewBornNow won by resignation"]

1. e4 c5 2. Nf3 d6 3. d4 cxd4 4.
Nxd4 Nf6 5. Nc3 a6 6. Be3 e6 7. Be2 b5 8. Bf3 Bb7 9. e5 Nd5 10. Nxd5 Bxd5 11. Bxd5 exd5 12. e6 Qf6 13. Qh5 Be7 14.
Qxd5 Ra7 15. exf7+ Qxf7 16. Ne6 Rd7 17. O-O-O Bf6 18. Rhe1 Re7 19. Bf4 1-0

[Event "*** Titled Tuesday Blitz"]
[Site "Chess.com"]
[Date "2020.04.07"]
[Round "2"]
[White "CzechmVIII"]
[Black "Chesswizard_2007"]
[Result "1/2-1/2"]
[WhiteElo "2242"]
[BlackElo "2642"]
[TimeControl "180+1"]
[EndTime "13:14:47 PDT"]
[Termination "Game drawn by agreement"]

1. e4 c5 2. Nf3 d6 3. d4 cxd4 4. Nxd4 Nf6 5. Nc3 a6 6. Bg5 e6 7. f4 Be7 8. Qf3 Qc7 9. O-O-O b5 10. Bxf6 Bxf6 11. Bxb5+ axb5 12. Ndxb5 Qc6 13. Nxd6+ Kf8 14. Nxc8 Qxc8 15. e5 Nc6 1/2-1/2

[Event "*** Titled Tuesday Blitz"]
[Site "Chess.com"]
[Date "2020.04.07"]
[Round "2"]
[White "Rakesh"]
[Black "Vuk2000"]
[Result "0-1"]
[WhiteElo "2332"]
[BlackElo "2637"]
[TimeControl "180+1"]
[EndTime "13:15:02 PDT"]
[Termination "Vuk2000 won by resignation"]

1. e4 e6 2. d4 d5 3. Bd3 c5 4. exd5 Qxd5 5. Nf3 cxd4 6. O-O Nf6 7. Nxd4 Bc5 8. Be3 O-O 9. Nc3 Qd8 10. Bc4 Qe7 11. Qf3 Nc6 12. Nxc6 bxc6 13. Qxc6 Bxe3 14. Qxa8 Bb7 15.
Qxf8+ Kxf8 16. fxe3 Qc5 17. Bd3 Qxe3+ 18. Kh1 Ng4 19.
h3 Qxh3+ 0-1

[Event "*** Titled Tuesday Blitz"]
[Site "Chess.com"]
[Date "2020.04.07"]
[Round "2"]
[White "Kavyev_Ruslan"]
[Black "AndrewDGreen"]
[Result "1-0"]
[WhiteElo "2618"]
[BlackElo "2325"]
[TimeControl "180+1"]
[EndTime "13:15:11 PDT"]
[Termination "Kavyev_Ruslan won by resignation"]

1. d4 Nf6 2. c4 g6 3. Nc3 Bg7 4. e4 d6 5. Be2 O-O 6. Be3 c5 7.
d5 e6 8. Nf3 exd5 9. cxd5 b5 10. e5 dxe5 11. Bxc5 Re8 12. Bxb5 Bd7 13. O-O Bxb5 14.
Nxb5 Nxd5 15. Nd6 Nf4 16. Nxe8 Qxe8 17. Re1 Nc6 18. Rc1 Rd8 19. Qa4 Qe6 20. Be3 Ne7 21. Bxf4 1-0